[Event "Late-Titled-Tuesday-Blitz-March-26-2024"]
[Site "Chess.com"]
[Date "2024.03.26"]
[Round "9"]
[White "Defenstrator"]
[Black "giovannibrandao7"]
[Result "0-1"]
[WhiteElo "2430"]
[BlackElo "2160"]
[TimeControl "180+1"]
[EndTime "15:44:44 PDT"]
[Termination "giovannibrandao7 won by checkmate"]

1. f3 d5 2. c3 c5 3. Kf2 Nc6 4. Ke3 f6 5. Kd3 Kf7 6. Kc2 Ke6 7. Qe1 Qe8 8. Kd1 Kd7 9. e4 e6 10. Bb5 Kd8 11. d4 a6 12. Bxc6 Qxc6 13. Bf4 Bd6 14. Bxd6 Qxd6 15. Nd2 Bd7 16. Ne2 Ne7 17. Rc1 c4 18. Kc2 b5 19. Kb1 a5 20.
f4 b4 21. e5 Qb6 22. exf6 gxf6 23. Qh4 bxc3 24. Nxc3 Qxd4 25. Rhd1 Nf5 26. Qh5 Qxf4 27. Nde4 Ke7 28. Rf1 Qh6 29. Rxf5 Qxh5 30. Rxh5 dxe4 31. Nxe4 f5 32. Nc5 Rac8 33. Nb7 Bc6 34. Nxa5 Bxg2 35. Rxc4 Rxc4 36. Nxc4 Be4+ 37. Kc1 h6 38. Kd2 Kf6 39. Ke3 Bd5 40. Nd2 Kg6 41. Rh4 e5 42. Ra4 f4+ 43. Kf2 Kf5 44. Nf3 Bxf3 45. Kxf3 Rd8 46. Rc4 Rd2 47. Rb4 e4+ 48. Rxe4 Rd3+ 49. Ke2 Kxe4 50.
b4 f3+ 51. Kf2 Rd2+ 52. Kg3 Rg2+ 53. Kh3 Rg1 54. b5 f2 55. b6 f1=Q+ 56. Kh4 Qf4+ 57. Kh5 Qg5# 0-1

[Event "Late-Titled-Tuesday-Blitz-March-26-2024"]
[Site "Chess.com"]
[Date "2024.03.26"]
[Round "9"]
[White "cthake"]
[Black "martinmena"]
[Result "1/2-1/2"]
[WhiteElo "1780"]
[BlackElo "2194"]
[TimeControl "180+1"]
[EndTime "15:44:44 PDT"]
[Termination "Game drawn by repetition"]

1. e4 c6 2. d4 d5 3. exd5 cxd5 4. c4 Nf6 5. Nc3 g6 6. Nf3 Bg7 7. c5 O-O 8. Bf4 Nc6 9. Ne5 Nxe5 10. Bxe5 Re8 11. Bb5 Bd7 12. O-O a6 13. Bxd7 Qxd7 14. h3 e6 15. Rb1 Ne4 16. Bxg7 Nxc3 17. bxc3 Kxg7 18. f4 Qc7 19. Qe1 Rab8 20. Rb6 Qd7 21. Qe5+ Kg8 22. Rfb1 Qc8 23. c6 Re7 24. Qd6 Rc7 25.
cxb7 Rcxb7 26. Rxb7 Rxb7 27. Rxb7 Qxb7 28. Qb4 Qxb4 29.
cxb4 Kf8 30. Kf2 Ke7 31. a4 Kd6 32. Ke3 Kc7 33. g4 Kb6 34. Kd3 a5 35. b5 Kb7 36.
Ke3 f6 37. Kf3 h6 38. h4 g5 39. fxg5 fxg5 40. hxg5 hxg5 41. Ke3 Kc7 42. Kd3 Kb6 43. Kc3 Kb7 44. Kd3 Kb6 45. Ke3 Kb7 46. Kf3 Kb6 47. Ke3 Kb7 48. Kd3 Kb6 1/2-1/2

[Event "Late-Titled-Tuesday-Blitz-March-26-2024"]
[Site "Chess.com"]
[Date "2024.03.26"]
[Round "9"]
[White "XDPS"]
[Black "sergiochess83"]
[Result "0-1"]
[WhiteElo "2906"]
[BlackElo "3003"]
[TimeControl "180+1"]
[EndTime "15:44:46 PDT"]
[Termination "sergiochess83 won on time"]

1. d4 Nf6 2. Bf4 d5 3. e3 c5 4. Nf3 Nc6 5. Nbd2 Bg4 6. c3 e6 7. Qa4 Nd7 8. Rd1 Be7 9. Bd3 O-O 10. O-O c4 11. Bb1 Rb8 12. e4 Bh5 13. Bxb8 Qxb8 14.
exd5 b5 15. Qc2 Bg6 16. Qc1 exd5 17. Bxg6 hxg6 18. Rfe1 Bd6 19. Nf1 b4 20. Ne3 Nf6 21.
g3 a5 22. Ne5 Bxe5 23. dxe5 Nxe5 24. Re2 Qb7 25. f4 Nd3 26. Qc2 Re8 27. Nf1 Qb6+ 28.
Kg2 Ne4 29. Rxd3 cxd3 30. Qxd3 bxc3 31. bxc3 Qc6 32. Qd4 Re6 33. Re3 Qb5 34. Kg1 a4 35. Re1 a3 36. h4 Ng5 37. hxg5 Rxe1 38. Qd2 Qxf1+ 0-1

[Event "Late-Titled-Tuesday-Blitz-March-26-2024"]
[Site "Chess.com"]
[Date "2024.03.26"]
[Round "9"]
[White "kai_nov"]
[Black "JaackCamel"]
[Result "1-0"]
[WhiteElo "2338"]
[BlackElo "2187"]
[TimeControl "180+1"]
[EndTime "15:44:46 PDT"]
[Termination "kai_nov won on time"]

1. d4 d5 2. c4 e6 3. Nc3 c6 4. Bf4 dxc4 5. e3 Nf6 6. Bxc4 b5 7. Bd3 a6 8. Nf3 Nbd7 9. O-O c5 10. a4 b4 11. Ne4 Bb7 12. Nd6+ Bxd6 13. Bxd6 Qb6 14. dxc5 Nxc5 15. Be5 Rd8 16. Nd4 O-O 17. a5 Qa7 18. Bxf6 gxf6 19. Bc2 Rd5 20. Qe2 Rg5 21.
f3 Kh8 22. Rad1 Rfg8 23. Rf2 Bd5 24. e4 Bb7 25. g3 b3 26. Bb1 Qa8 27. Kg2 Qc8 28. Rc1 Qf8 29. Rc3 Ba8 30. f4 R5g7 31. Kf1 Nd7 32. Qh5 Nb8 33. e5 f5 34. Bxf5 exf5 35.
Nxf5 Rg6 36. Qh4 1-0

[Event "Late-Titled-Tuesday-Blitz-March-26-2024"]
[Site "Chess.com"]
[Date "2024.03.26"]
[Round "9"]
[White "snowlord"]
[Black "Hikaru"]
[Result "1-0"]
[WhiteElo "2977"]
[BlackElo "3261"]
[TimeControl "180+1"]
[EndTime "15:44:47 PDT"]
[Termination "snowlord won by resignation"]

1. e4 c6 2. d4 d5 3. e5 Bf5 4. Nf3 e6 5. Be2 Nd7 6. O-O h6 7. Nbd2 Bb4 8. Nb3 a5 9. c3 Bf8 10. a4 Ne7 11. Nh4 Bh7 12. Bd3 Bxd3 13. Qxd3 Nc8 14.
Qg3 g5 15. Nf3 Ne7 16. Qh3 Ng6 17. g3 Qb6 18. Nbd2 c5 19. c4 dxc4 20. Nxc4 Qc6 21. Qh5 cxd4 22. b3 Qd5 23. Rd1 Ndxe5 24. Nfxe5 Nxe5 25.
Nb6 Nf3+ 26. Kf1 Qxb3 27. Ba3 Qxb6 28. Qxf3 Bxa3 29. Qf6 O-O 30. Rxa3 Kh7 31. Rxd4 Rad8 32. Rad3 Qb1+ 33. Ke2 Rxd4 34. Qxd4 b5 35. Qe4+ Kg8 36. h4 Qc2+ 37. Kf1 Qxa4 38. Rd4 Qa1+ 39. Kg2 Qc1 40. hxg5 Qxg5 41. Qe2 Qf6 42. Rf4 Kh8 43. Rxf6 Kg8 44. Qg4+ 1-0

[Event "Late-Titled-Tuesday-Blitz-March-26-2024"]
[Site "Chess.com"]
[Date "2024.03.26"]
[Round "9"]
[White "campochess"]
[Black "Shiner22"]
[Result "1-0"]
[WhiteElo "2181"]
[BlackElo "2325"]
[TimeControl "180+1"]
[EndTime "15:44:47 PDT"]
[Termination "campochess won on time"]

1. Nf3 Nf6 2. b3 a5 3. a3 e6 4. Bb2 a4 5. b4 c5 6. bxc5 Bxc5 7. d4 Be7 8. Nc3 d5 9. Ne5 O-O 10. e3 Nc6 11. Nxc6 bxc6 12. Be2 c5 13. O-O c4 14. Bf3 Bb7 15. Rb1 Bc6 16. Bc1 Qc7 17. g3 Rfb8 18. Ra1 Rd8 19. Re1 Ne4 20. Bxe4 dxe4 21. Qg4 f5 22. Qe2 Bd5 23. Bd2 Bd6 24. Reb1 Qe7 25.
Nb5 Rdb8 26. Nxd6 Qxd6 27. Bb4 Qc7 28. c3 e5 29. Qh5 Be6 30. Rd1 Rd8 31. Rd2 exd4 32.
Rxd4 Rxd4 33. exd4 Rd8 34. Re1 Qf7 35. Qg5 Re8 36.
Qf4 Bd5 37. Bd6 h6 38. Be5 g5 39. Qd2 Kh7 40. Rb1 Rg8 41. Rb6 f4 42. Qb2 Qf5 43.
Rf6 1-0

[Event "Late-Titled-Tuesday-Blitz-March-26-2024"]
[Site "Chess.com"]
[Date "2024.03.26"]
[Round "9"]
[White "simaopdias"]
[Black "Janh4"]
[Result "1-0"]
[WhiteElo "2286"]
[BlackElo "2159"]
[TimeControl "180+1"]
[EndTime "15:44:47 PDT"]
[Termination "simaopdias won on time"]

1. e4 c6 2. d4 d5 3. exd5 cxd5 4. c4 Nf6 5. Nc3 Nc6 6. Bg5 e6 7. Nf3 Be7 8. c5 O-O 9. Bd3 h6 10. Bh4 Nh5 11. Bxe7 Qxe7 12. O-O a6 13. Re1 Rb8 14. Na4 Nf6 15. Nb6 Nd7 16. Na4 Re8 17. Qd2 Qf6 18.
b4 e5 19. b5 axb5 20. Bxb5 e4 21. Nc3 Ne7 22. Ne5 Rd8 23. Bxd7 Bxd7 24. Rab1 Bc6 25. a4 Qe6 26. Nb5 f6 27. Nxc6 bxc6 28. Nc3 Ra8 29. Rb7 Rd7 30. Reb1 Rxb7 31. Rxb7 Nf5 32. g3 g5 33. Rb3 e3 34. fxe3 Nxe3 35. Nb5 Nc4 36. Qf2 cxb5 37. axb5 Ra1+ 38. Kg2 Nd2 39. Re3 Qg4 40. Qxf6 Ne4 41. Qd8+ Kg7 42. Qe7+ Kg8 43. Qd8+ Kg7 44. Qc7+ Kg8 45. Qb8+ Kg7 46. Qe5+ Kg8 47. Qxd5+ Kf8 48. Rf3+ 1-0

[Event "Late-Titled-Tuesday-Blitz-March-26-2024"]
[Site "Chess.com"]
[Date "2024.03.26"]
[Round "9"]
[White "BilicVladimir"]
[Black "a_kandil"]
[Result "1-0"]
[WhiteElo "2662"]
[BlackElo "2531"]
[TimeControl "180+1"]
[EndTime "15:44:49 PDT"]
[Termination "BilicVladimir won by resignation"]

1. e4 c5 2. Nf3 d6 3. d4 cxd4 4. Qxd4 Nc6 5. Bb5 a6 6. Bxc6+ bxc6 7. Bg5 f6 8. Be3 e5 9. Qc4 Ne7 10. O-O d5 11. exd5 cxd5 12. Qe2 Ng6 13. Rd1 Be7 14. Nc3 d4 15. Qc4 Qb6 16. Nd5 Qc5 17. Nc7+ Kf8 18. Qxc5 Bxc5 19. Bxd4 exd4 20. Nxa8 Bg4 21. Nc7 a5 22. h3 Bxf3 23. gxf3 Kf7 24. Nd5 Rd8 25. c4 Ne5 26. b3 Nxf3+ 27. Kf1 Re8 28. a3 Ne5 29. b4 Ba7 30. c5 d3 31. Rac1 Rd8 32. Ne3 axb4 33. axb4 Rc8 34. f4 Nc6 35. Rxd3 Nxb4 36.
Rd7+ Kg6 37. Rxa7 Re8 38. f5+ Kg5 39. Rxg7+ Kf4 40. Rc4+ Kxe3 41. Rg3+ Kd2 42. Rxb4 h5 43. Rb2+ Kc1 44. Re2 Rd8 45. Kf2 h4 46. Rg1+ 1-0

[Event "Late-Titled-Tuesday-Blitz-March-26-2024"]
[Site "Chess.com"]
[Date "2024.03.26"]
[Round "9"]
[White "TigrVShlyape"]
[Black "CarlosjPineror"]
[Result "1/2-1/2"]
[WhiteElo "2912"]
[BlackElo "2744"]
[TimeControl "180+1"]
[EndTime "15:44:51 PDT"]
[Termination "Game drawn by repetition"]

1. e4 c5 2. Nf3 e6 3. d4 cxd4 4. Nxd4 a6 5. Nc3 Qc7 6. Qf3 Nf6 7. Qg3 d6 8. Bd3 Nc6 9. Be3 Nxd4 10. Bxd4 e5 11.
Be3 h6 12. a4 Be6 13. O-O g5 14. f3 Be7 15. Qf2 Rc8 16. Rfd1 O-O 17. a5 Kg7 18. Na4 Nd7 19. b3 Rfd8 20. c4 Rf8 21. Bc2 h5 22. Nc3 Nc5 23. Qd2 f6 24. Nd5 Qd8 25. b4 Nd7 26. Nxe7 Qxe7 27. Qxd6 Qf7 28. c5 Rfd8 29. Qd2 Nxc5 30. Qxd8 Rxd8 31. Rxd8 Nd7 32. Ba4 Qe7 33.
Rc8 Qxb4 34. Bxd7 Bxd7 35. Rc7 Kg6 36. Rxd7 Qc3 37. Rb1 Qxe3+ 38. Kh1 Qc3 39. Rdxb7 Qxa5 40. h3 g4 41. hxg4 hxg4 42. fxg4 Qa4 43. R7b6 Qxe4 44.
Rf1 Kg5 45. Rxa6 Qxg4 46. Raxf6 Qh4+ 47. Kg1 Qd4+ 48. Kh2 Qh4+ 49. Kg1 Qd4+ 50. Kh2 Qh4+ 51. Kg1 1/2-1/2

[Event "Late-Titled-Tuesday-Blitz-March-26-2024"]
[Site "Chess.com"]
[Date "2024.03.26"]
[Round "9"]
[White "Brahianzevich"]
[Black "AlexeiShirov"]
[Result "1-0"]
[WhiteElo "2535"]
[BlackElo "2815"]
[TimeControl "180+1"]
[EndTime "15:44:51 PDT"]
[Termination "Brahianzevich won by resignation"]

1. e4 e5 2. Nc3 Nf6 3. g3 d5 4.
exd5 Nxd5 5. Bg2 Nxc3 6. bxc3 Nc6 7. Nf3 Bg4 8. O-O Bd6 9. d3 O-O 10. Qe1 Re8 11. Qe4 Bh5 12. Rb1 Rb8 13. Nh4 Be7 14. Nf5 Bg6 15. Qf3 Bf6 16. h4 h6 17. a4 Re6 18. Rb5 a6 19. Rd5 Qe8 20. g4 Bxf5 21. gxf5 Rd6 22. Rxd6 cxd6 23. Ba3 Rd8 24.
Rb1 Qe7 25. h5 Qc7 26. Qd5 Rd7 27. Qb3 Qd8 28. Qb6 Rc7 29. Bxc6 bxc6 30. Qb8 c5 31. Qxd8+ Bxd8 32. Rb6 Rd7 33. Rxa6 Kf8 34. Kg2 Ke7 35. Kf3 Bc7 36. c4 Rd8 37. Ke4 Rb8 38. Kd5 Kd7 39.
Bc1 f6 40. Bd2 Rb2 41. Ra7 Kc8 42. Kc6 Rb6+ 43. Kd5 Kb8 44. Ra5 Rb7 45. Rb5 Kc8 46.
Rxb7 Kxb7 47. Ke6 1-0

[Event "Late-Titled-Tuesday-Blitz-March-26-2024"]
[Site "Chess.com"]
[Date "2024.03.26"]
[Round "9"]
[White "Viktor_Poddubnyi"]
[Black "b_6"]
[Result "0-1"]
[WhiteElo "2293"]
[BlackElo "2466"]
[TimeControl "180+1"]
[EndTime "15:44:52 PDT"]
[Termination "b_6 won on time"]

1. e4 c5 2. Nf3 g6 3. d4 cxd4 4.
Qxd4 Nf6 5. e5 Nc6 6. Qa4 Nd5 7. Qe4 Nc7 8. Nc3 Bg7 9. Bf4 Ne6 10. O-O-O Rb8 11.
Bc4 Qa5 12. Nd5 b5 13. Bb3 Nc5 14. Qe3 Nxb3+ 15. Qxb3 Rb7 16. h4 Qa4 17. Qxa4 bxa4 18. h5 Nb4 19. h6 Bf8 20. a3 Nxd5 21. Rxd5 e6 22. Ra5 Be7 23. Rxa4 O-O 24. Be3 f6 25. Rxa7 fxe5 26. Nxe5 Rxa7 27. Bxa7 Bb7 28. f3 d6 29. Nd3 Rf5 30. Be3 d5 31. Re1 Rh5 32. Bd2 Bc8 33. a4 Bf8 34. a5 Bxh6 35. Bxh6 Rxh6 36. Nc5 Rh4 37. c3 Rc4 0-1

[Event "Late-Titled-Tuesday-Blitz-March-26-2024"]
[Site "Chess.com"]
[Date "2024.03.26"]
[Round "9"]
[White "stepanosinovsky"]
[Black "JackRodgers"]
[Result "1-0"]
[WhiteElo "2395"]
[BlackElo "2531"]
[TimeControl "180+1"]
[EndTime "15:44:54 PDT"]
[Termination "stepanosinovsky won by checkmate"]

1. e4 g6 2. d4 Bg7 3. Nc3 d6 4. f4 Nd7 5. Nf3 c5 6. d5 Ngf6 7. Be2 O-O 8. O-O a6 9. a4 Re8 10. e5 dxe5 11. fxe5 Ng4 12. e6 fxe6 13. Ng5 Bd4+ 14.
Kh1 Nf2+ 15. Rxf2 Bxf2 16. Nxe6 Qa5 17. Bd3 Nf8 18. Qf3 Bd4 19. Ng5 Bf6 20. Nge4 Nd7 21. Bd2 Qd8 22. Re1 Ne5 23. Qg3 Nxd3 24. cxd3 b6 25. d6 Bf5 26. Nd5 Bxe4 27. dxe4 Bxb2 28. Nxe7+ Rxe7 29. dxe7 Qxe7 30. Qb3+ Qf7 31. Qxb2 Rf8 32. h3 Qe6 33. Bc1 Rf7 34. Qc3 h5 35. Bb2 Kf8 36. Qh8+ Ke7 37. Qb8 Qc6 38. Qe5+ Kf8 39. Rd1 Rd7 40.
Qh8+ Ke7 41. Qg7+ Kd8 42. Qh8+ Kc7 43. Be5+ Kb7 44. Qb8# 1-0

[Event "Late-Titled-Tuesday-Blitz-March-26-2024"]
[Site "Chess.com"]
[Date "2024.03.26"]
[Round "9"]
[White "Vahe_Danielyan"]
[Black "sorch29"]
[Result "1-0"]
[WhiteElo "2596"]
[BlackElo "2453"]
[TimeControl "180+1"]
[EndTime "15:44:55 PDT"]
[Termination "Vahe_Danielyan won by checkmate"]

1. d4 Nf6 2. c4 g6 3. Nc3 d6 4.
Bg5 Bg7 5. e3 O-O 6. Nf3 c5 7.
d5 h6 8. Bh4 g5 9. Bg3 Nh5 10. Bd3 e6 11. dxe6 Nxg3 12. exf7+ Rxf7 13. hxg3 Bxc3+ 14. bxc3 Qf6 15. O-O Qxc3 16. Be4 Qf6 17. Rb1 Nc6 18. Bd5 Be6 19. Bxc6 bxc6 20. Qxd6 Bxc4 21. Qxf6 Rxf6 22. Rfc1 Bxa2 23. Ra1 Bd5 24.
Nd2 Raf8 25. f3 Re8 26. e4 Bf7 27. Rxc5 Rd8 28. Nf1 Rd7 29. g4 Rfd6 30. Ne3 Rd2 31.
Rxc6 Re2 32. Rc3 Kh7 33. Ra6 Rb2 34. Rcc6 Re2 35. Rxh6+ Kg8 36. Ra3 Rc7 37. Rha6 Rc1+ 38. Kh2 Rce1 39. Nf5 Rf1 40. Nh6+ Kg7 41. Nxf7 Rff2 42.
Nxg5 Rxg2+ 43. Kh3 Rg1 44. Kh4 Reg2 45. Nh3 Rh2 46. Rxa7+ Kf6 47. f4 Rgh1 48. R3a6# 1-0

[Event "Late-Titled-Tuesday-Blitz-March-26-2024"]
[Site "Chess.com"]
[Date "2024.03.26"]
[Round "9"]
[White "TemploVillamarin"]
[Black "azikom"]
[Result "0-1"]
[WhiteElo "2267"]
[BlackElo "2619"]
[TimeControl "180+1"]
[EndTime "15:44:55 PDT"]
[Termination "azikom won by resignation"]

1. d4 c6 2. Nc3 d5 3. e4 dxe4 4. Nxe4 Bf5 5. Ng3 Bg6 6. h4 h6 7.
Nf3 e6 8. Ne5 Bh7 9. Qh5 Qc7 10.
Bf4 Nf6 11. Qf3 Bxc2 12. Bc4 Bb4+ 13. Kf1 Bd6 14. Rc1 Bh7 15. Nh5 Nxh5 16. Qxh5 O-O 17. Rh3 Bxe5 18. Bxe5 Qe7 19. Rg3 f6 20. Bf4 Kh8 21.
Re1 Qf7 22. Qg4 h5 23. Qf3 Bf5 24. Qb3 Na6 25. Bxe6 Bxe6 26. Qxe6 Qxe6 27. Rxe6 Rae8 28. Rge3 Rxe6 29. Rxe6 Rf7 30. Re8+ Kh7 31. Ke2 Nb4 32. a3 Nd5 33. Bd6 Kg6 34. g3 Rd7 35. Bc5 a6 36. Kd3 Kf7 37. Rf8+ Kg6 38. Re8 Rf7 39. f3 Rd7 40. g4 hxg4 41. fxg4 Kf7 42. Rg8 Kxg8 0-1

[Event "Late-Titled-Tuesday-Blitz-March-26-2024"]
[Site "Chess.com"]
[Date "2024.03.26"]
[Round "9"]
[White "carokannlover213"]
[Black "Meri-Arabidze"]
[Result "1/2-1/2"]
[WhiteElo "2831"]
[BlackElo "2696"]
[TimeControl "180+1"]
[EndTime "15:44:56 PDT"]
[Termination "Game drawn by repetition"]

1. e4 e5 2. Nf3 Nc6 3. Bc4 Nf6 4.
d3 h6 5. O-O Be7 6. c3 O-O 7. Re1 d6 8. a4 a5 9. Nbd2 Nh7 10. Nf1 Ng5 11. Nxg5 Bxg5 12. Ne3 Kh8 13. Bd2 f5 14. exf5 Bxf5 15. Nxf5 Rxf5 16. Be6 Rf8 17. Bd5 Rb8 18. Bxc6 bxc6 19. b4 Bxd2 20. Qxd2 Ra8 21.
bxa5 Rxa5 22. c4 Qa8 23. Qc2 Qa7 24. Ra2 Ra8 25. Rea1 Qd4 26. Qe2 Rxa4 27. g3 Rxa2 28. Rxa2 Rxa2 29. Qxa2 Kh7 30. Qa8 e4 31. dxe4 Qxe4 32.
Qc8 Qxc4 33. Qf5+ g6 34. Qd7+ Kg8 35. Qd8+ Kf7 36. Qxc7+ Ke6 37. Qc8+ Kd5 38. Qg8+ Kc5 39. Qxg6 Qc1+ 40. Kg2 d5 41. Qf5 Kc4 42. Qe6 c5 43. Qa6+ Kd4 44. Qf6+ Kc4 45. Qa6+ Kc3 46. Qd6 Kd4 47.
Qf6+ Kc4 48. Qa6+ 1/2-1/2

[Event "Late-Titled-Tuesday-Blitz-March-26-2024"]
[Site "Chess.com"]
[Date "2024.03.26"]
[Round "9"]
[White "Statham_01"]
[Black "Adar_07"]
[Result "0-1"]
[WhiteElo "2619"]
[BlackElo "2780"]
[TimeControl "180+1"]
[EndTime "15:44:58 PDT"]
[Termination "Adar_07 won on time"]

1. e4 e6 2. d4 d5 3. Nc3 Nf6 4. e5 Nfd7 5. f4 c5 6. Nf3 Nc6 7. Be3 Qb6 8. Na4 Qa5+ 9. c3 cxd4 10. b4 Qc7 11. Nxd4 a5 12. Nb5 Qd8 13. a3 Be7 14.
Bd3 O-O 15. h4 f5 16. exf6 Nxf6 17. Nd4 e5 18. Nxc6 bxc6 19. Nb6 exf4 20. Bd4 Bg4 21. Qc2 Rb8 22. bxa5 c5 23. Bf2 c4 24. Bf5 f3 25. g3 Qc7 26. O-O Bc5 27. Kh2 Bxf2 28. Rxf2 Kh8 29. Raf1 Bxf5 30. Qxf5 Ne4 31. Qg4 Nxf2 32.
Rxf2 Qf7 33. Qd4 Rbe8 34. a6 Re2 35. Na4 Qe7 36. a7 Rxf2+ 37. Qxf2 Qe2 38. Kg1 Qd1+ 39. Kh2 Qxa4 40. Qxf3 Rxf3 0-1

[Event "Late-Titled-Tuesday-Blitz-March-26-2024"]
[Site "Chess.com"]
[Date "2024.03.26"]
[Round "9"]
[White "ploxoi"]
[Black "rikchessmx"]
[Result "1-0"]
[WhiteElo "2427"]
[BlackElo "2296"]
[TimeControl "180+1"]
[EndTime "15:44:58 PDT"]
[Termination "ploxoi won on time"]

1. d4 Nf6 2. c4 g6 3. g3 d5 4.
Bg2 dxc4 5. Nf3 Bg7 6. Ne5 O-O 7. Nxc4 Nc6 8. e3 Be6 9. Nbd2 Bd5 10. O-O Bxg2 11. Kxg2 b5 12. Na3 a6 13. Qf3 Qd7 14. Nb3 e5 15. Nc5 Qe8 16. d5 e4 17. Qf4 Nxd5 18. Qxe4 Qxe4+ 19. Nxe4 Ncb4 20. Nc5 Rfe8 21. Rb1 f5 22. Bd2 Bf8 23. Nb3 Nd3 24. Rfd1 c5 25.
Nc2 c4 26. Nbd4 Rac8 27. a3 Nc5 28. Bb4 Nxb4 29. Nxb4 Ra8 30. Nd5 Reb8 31. Nc6 Rb7 32. Na5 Rf7 33. Nb4 Rc8 34. Rd5 Rd7 35. Rbd1 Rxd5 36.
Rxd5 Ra8 37. Nbc6 Kf7 38. Nd4 Nd3 39. Rd7+ Kg8 40. b3 Bxa3 41. bxc4 b4 42. Ne6 Ne5 43.
Rg7+ Kh8 44. Rb7 Nxc4 45. Nxc4 a5 46. Ne5 1-0

[Event "Late-Titled-Tuesday-Blitz-March-26-2024"]
[Site "Chess.com"]
[Date "2024.03.26"]
[Round "9"]
[White "Rud_Makarian"]
[Black "ContrVersia"]
[Result "1-0"]
[WhiteElo "3100"]
[BlackElo "2911"]
[TimeControl "180+1"]
[EndTime "15:44:59 PDT"]
[Termination "Rud_Makarian won on time"]

1. Nf3 d5 2. c4 d4 3. b4 c5 4. b5 f6 5. g3 e5 6. Bg2 Bd6 7. O-O Ne7 8. d3 O-O 9. a4 Qc7 10. a5 a6 11. b6 Qd8 12. Nbd2 Nbc6 13. Ne4 f5 14. Nxd6 Qxd6 15. Nd2 Be6 16. Nb3 Rac8 17.
Ba3 Nd8 18. e3 dxe3 19. fxe3 f4 20. gxf4 exf4 21. d4 Bxc4 22. Bxc5 Qe6 23. d5 Nxd5 24.
Bxf8 Nxe3 25. Qd4 Qg6 26. Rf2 Ne6 27. Qe4 Rxf8 28. Qxg6 hxg6 29. Nd2 Bd5 30. Bxd5 Nxd5 31. Nc4 Ng5 32. Kf1 Ne4 33. Re2 Ndc3 34. Rc2 Rd8 35. Rac1 Rd3 36. Ne5 Rh3 37. Kg2 Re3 38. Ng4 f3+ 39. Kf1 Rd3 40. Nf2 Re3 41. Nxe4 Nxe4 42. Re1 Rxe1+ 43. Kxe1 g5 44. Rc7 g4 45. Rxb7 1-0

[Event "Late-Titled-Tuesday-Blitz-March-26-2024"]
[Site "Chess.com"]
[Date "2024.03.26"]
[Round "9"]
[White "Durarbayli"]
[Black "Gravity_Chess"]
[Result "1-0"]
[WhiteElo "2945"]
[BlackElo "2830"]
[TimeControl "180+1"]
[EndTime "15:44:59 PDT"]
[Termination "Durarbayli won by resignation"]

1. e4 c5 2. Nf3 e6 3. d4 cxd4 4. Nxd4 Nf6 5. Nc3 Nc6 6. Nxc6 bxc6 7. e5 Nd5 8. Ne4 Bb7 9. Nd6+ Bxd6 10. exd6 c5 11. c4 Nb4 12. a3 Nc6 13. Be3 Qf6 14. Qd2 O-O 15. Bxc5 Rab8 16. Rd1 a5 17. Be2 Rfc8 18.
O-O Ne5 19. b4 axb4 20. axb4 Ng6 21. Be3 Nh4 22. f3 Nf5 23. Bf2 Ra8 24. c5 h5 25.
b5 h4 26. Rc1 Bd5 27. Rfd1 h3 28. g3 Ra2 29. Rc2 Rxc2 30. Qxc2 Nxd6 31. Bd4 e5 32.
Bb2 Ba8 33. Qd3 Nb7 34. Qxd7 Rd8 35. c6 Rxd7 36. Rxd7 Qf5 37. Kf2 Qc2 38. Bxe5 Qc5+ 39. Bd4 Qc2 40. cxb7 Bxb7 41. Rxb7 Qd2 42. Rd7 Qc1 43.
b6 Qh1 44. b7 Qxh2+ 45. Ke3 Qg1+ 46. Kf4 Qc1+ 47. Kg4 h2 48. b8=Q+ Kh7 49. Bd3+ 1-0

[Event "Late-Titled-Tuesday-Blitz-March-26-2024"]
[Site "Chess.com"]
[Date "2024.03.26"]
[Round "9"]
[White "Fh2411"]
[Black "omeed_87"]
[Result "1-0"]
[WhiteElo "2585"]
[BlackElo "2434"]
[TimeControl "180+1"]
[EndTime "15:45:00 PDT"]
[Termination "Fh2411 won by checkmate"]

1. d4 f5 2. Bf4 Nf6 3. e3 d5 4.
Nf3 e6 5. Be2 Bd6 6. O-O O-O 7.
c4 c6 8. Nc3 Qe7 9. c5 Bxf4 10.
exf4 Ne4 11. Qc2 Nd7 12. b4 h6 13. b5 g5 14. Ne5 Nxe5 15. fxe5 Nxc3 16. Qxc3 Bd7 17. a4 Kg7 18. Rab1 Rf7 19. a5 f4 20. f3 h5 21. a6 bxa6 22. bxa6 Bc8 23. h3 Kh6 24. Rb2 Rg7 25. Rfb1 g4 26. fxg4 hxg4 27. hxg4 Kg5 28. Qd2 Bd7 29. Rb7 Rf8 30.
Rxa7 Qe8 31. Rbb7 Rff7 32. g3 Kg6 33. gxf4 Kh7 34. Bf3 Kg8 35. Rc7 Qd8 36. g5 Qb8 37.
Rab7 Qa8 38. a7 Be8 39. Rb8 Qxa7 40. Rxa7 Rxa7 41. Rxe8+ Kf7 42. Bh5+ Rg6 43. Bxg6+ Kg7 44. Rxe6 Ra1+ 45. Kg2 Kf8 46. Qb2 Ra8 47. Rf6+ Kg8 48. Bf5 Kg7 49. Qb7+ Kg8 50. Qh7# 1-0

[Event "Late-Titled-Tuesday-Blitz-March-26-2024"]
[Site "Chess.com"]
[Date "2024.03.26"]
[Round "9"]
[White "noblerone"]
[Black "publicaccountcze"]
[Result "0-1"]
[WhiteElo "2527"]
[BlackElo "2299"]
[TimeControl "180+1"]
[EndTime "15:45:01 PDT"]
[Termination "publicaccountcze won by resignation"]

1. d4 Nf6 2. Nf3 g6 3. Bg5 Bg7 4. Nbd2 d5 5. e3 O-O 6. Be2 b6 7. O-O Bb7 8. Ne5 Nbd7 9. Nxd7 Qxd7 10. a4 Ne4 11. Bf4 Nxd2 12. Qxd2 a5 13. Bb5 c6 14. Be2 Rfe8 15. c4 dxc4 16. Bxc4 e5 17. Bg3 exd4 18.
Rad1 c5 19. Bb5 Qd5 20. f3 Rxe3 21. Bf4 Re7 22. Qd3 Bc6 23. Bc4 Qd7 24. b3 Bd5 25.
Bg5 Bxc4 26. Qxc4 Re6 27. h4 Rae8 28. h5 gxh5 29. Qa6 Rg6 30. Bh4 Qh3 31. Rf2 Qxh4 32.
Qb5 Rge6 33. Rdf1 Qf4 34. Qd7 Be5 35. g3 Qf6 36. f4 Bd6 37. Kg2 R6e7 38. Qb5 Bc7 39. Rh1 Qf5 40. Rhf1 Kh8 41. Qc6 Qe4+ 42. Qxe4 Rxe4 43. Kh3 Re2 44. Kh4 Rxf2 45. Rxf2 Kg7 46. Kxh5 d3 47. Rd2 Rd8 48. Kg4 c4 49. bxc4 Bd6 50.
Kf3 Bb4 51. Rd1 d2 52. Ke3 Re8+ 53. Kd3 Re1 54. Kc2 Rxd1 55. Kxd1 h5 56. f5 Kf6 0-1

[Event "Late-Titled-Tuesday-Blitz-March-26-2024"]
[Site "Chess.com"]
[Date "2024.03.26"]
[Round "9"]
[White "carloseduar100"]
[Black "David_ATM"]
[Result "0-1"]
[WhiteElo "2245"]
[BlackElo "2376"]
[TimeControl "180+1"]
[EndTime "15:45:02 PDT"]
[Termination "David_ATM won on time"]

1. g3 d5 2. Bg2 c6 3. Nf3 Nf6 4. O-O Bf5 5. d4 e6 6. c3 Nbd7 7. Nbd2 Ne4 8. Re1 h6 9. Ne5 Nxe5 10. Nxe4 dxe4 11. dxe5 Qxd1 12. Rxd1 Bc5 13. b4 Bb6 14. a4 Bc7 15. Rd4 Bxe5 16. Rc4 Bg6 17. Bb2 f5 18. a5 a6 19. f4 Bf6 20. Kf2 Rd8 21. Bc1 Rd1 22. Bf1 O-O 23. e3 Bh5 24. h3 Bf3 25. Rb1 Rfd8 26. Rd4 Bxd4 27. cxd4 Kf7 28. Ra1 g5 29. Rb1 Rg8 30. Ra1 h5 31. Rb1 h4 32. fxg5 hxg3+ 33. Kxg3 Rxf1 34. h4 Rh8 35. Ra1 Rg1+ 36. Kf4 Rxh4+ 37. Ke5 Rhh1 38. Ra2 Rxc1 39. b5 cxb5 40. g6+ Kxg6 41. Rb2 Kf7 42. Rb4 Ke7 43. d5 Rc5 0-1

[Event "Late-Titled-Tuesday-Blitz-March-26-2024"]
[Site "Chess.com"]
[Date "2024.03.26"]
[Round "9"]
[White "rezamahdavi2008"]
[Black "jcibarra"]
[Result "1-0"]
[WhiteElo "2886"]
[BlackElo "2980"]
[TimeControl "180+1"]
[EndTime "15:45:03 PDT"]
[Termination "rezamahdavi2008 won on time"]

1. e4 Nc6 2. Nc3 d6 3. d4 Nf6 4. Nf3 g6 5. h3 Bg7 6. Be2 O-O 7. O-O e5 8. Be3 exd4 9. Nxd4 Re8 10. Qd3 Ne5 11.
Qd2 Ned7 12. f3 Nh5 13. Rfe1 a6 14. Rad1 Qh4 15. Bf2 Qd8 16. Bf1 Be5 17. Nde2 Nb6 18. b3 Qf6 19. a4 Be6 20. a5 Nd7 21. Be3 Qh8 22. f4 Bg7 23. g4 Ng3 24. Bg2 Nxe2+ 25. Nxe2 Nc5 26. Bxc5 dxc5 27. e5 h5 28. g5 Rab8 29. Nc3 Kh7 30. Ne4 Red8 31. Qe3 b6 32. Bf1 Qe8 33. Bxa6 Rxd1 34. Rxd1 bxa5 35. Nxc5 Rb4 36.
Nxe6 fxe6 37. Bc4 a4 38. Qc5 Qb8 39. Rd7 a3 40. Qe7 Qh8 41. Qxb4 a2 42. Qa4 Qf8 43.
Bd3 Qc5+ 44. Kg2 Qe3 45. Qxa2 Qd2+ 46. Kf3 Qd1+ 47. Ke4 Qh1+ 48. Kd4 Qg1+ 49. Kc4 Qe3 50. Qa1 1-0